 Dungeon Crawl Stone Soup version 0.30.0 (webtiles) character file.

Game seed: 17158509157517546505

9 Dani the Trooper (level 2, 24/24 HPs)
             Began as a Demonspawn Fighter on May 20, 2023.
             Quit the game on level 1 of the Dungeon.
             The game lasted 00:00:24 (183 turns).

Dani the Trooper (Demonspawn Fighter)                Turns: 183, Time: 00:00:24

Health: 24/24      AC:  7    Str: 16    XL:     2   Next: 6%
Magic:  2/2        EV:  8    Int:  9    God:
Gold:   61         SH:  4    Dex: 12    Spells: 1/1 levels left

rFire   . . .        a - +0 war axe
rCold   . . .        c - +0 buckler
rNeg    . . .        b - +0 scale mail
rPois   .            (no helmet)
rElec   .            (no cloak)
rCorr   .            (no gloves)
SInv    .            (no boots)
Will    .....        (no amulet) Stlth
                     (no ring)
HPRegen 0.24/turn    (no ring)
MPRegen 0.08/turn

%: no passive effects
@: no status effects
A: sharp scales 1
a: no special abilities


You were on level 1 of the Dungeon.
You visited 1 branch of the dungeon, and saw 1 of its levels.

You collected 61 gold pieces.

Inventory:

Hand Weapons
 a - a +0 war axe (weapon)
Armour
 b - a +0 scale mail (worn)
 c - a +0 buckler (worn)
Scrolls
 e - a scroll of summoning {unknown}
Potions
 d - a potion of might
 f - a potion of ambrosia {unknown}


   Skills:
 - Level 3.0 Fighting
 + Level 2.5 Axes
 - Level 2.6 Armour
 - Level 2.6 Shields


You had one spell level left.
You didn't know any spells.
Your spell library was empty.

Dungeon Overview and Level Annotations

Branches:
Dungeon (1/15)

Altars:


Innate Abilities, Weirdness & Mutations

You are partially covered in razor-sharp scales. (AC +1, Slay +1)


Message History

Key pressed, stopping explore.
No target in view!
No target in view!
An endoplasm comes into view.
An endoplasm is nearby!
Found 13 gold pieces.
An endoplasm is nearby!
You hit the endoplasm.
The endoplasm is severely wounded.
You block the endoplasm's attack. The endoplasm freezes you.
You are frozen.
An endoplasm is nearby!
You slash the endoplasm!
You kill the endoplasm!
HP restored.
You now have 23 gold pieces (gained 8).
Key pressed, stopping explore.
No target in view!
You now have 36 gold pieces (gained 13).
Key pressed, stopping explore.
No target in view!
Key pressed, stopping explore.
No target in view!
You now have 49 gold pieces (gained 13).
A kobold comes into view. It is wielding a +0 club.
The kobold shouts!
A kobold is nearby!
A kobold is nearby!
You closely miss the kobold. You block the kobold's attack.
The kobold hits you but does no damage.
A kobold is nearby!
You barely miss the kobold. The kobold barely misses you.
A kobold is nearby!
You hit the kobold.
You kill the kobold!
Things that are here:
a +0 club; a kobold corpse Key pressed, stopping explore.
No target in view!
Key pressed, stopping explore.
No target in view!
Key pressed, stopping explore.
No target in view!
Key pressed, stopping explore.
No target in view!
Key pressed, stopping explore.
No target in view!
No target in view!
A hobgoblin comes into view.
The hobgoblin shouts!
You hear a shout!
You hear an angry hiss.
A hobgoblin is nearby!
A goblin comes into view. It is wielding a +0 club.
The goblin shouts!
A ball python comes into view.
The hobgoblin hits you but does no damage.
The goblin moves out of view.
There are monsters nearby!
You closely miss the hobgoblin.
The hobgoblin hits you but does no damage. x2
There are monsters nearby!
You closely miss the hobgoblin.
There are monsters nearby!
You hit the goblin.
The goblin is severely wounded.
You hit the hobgoblin.
The hobgoblin hits you but does no damage.
The goblin hits you but does no damage. The hobgoblin closely misses you.
The goblin closely misses you.
There are monsters nearby!
You closely miss the goblin.
The goblin is severely wounded.
You barely miss the hobgoblin.
The hobgoblin hits you but does no damage.
The goblin hits you with a +0 club.
There are monsters nearby!
You hit the goblin.
You kill the goblin!
You slash the hobgoblin!
You kill the hobgoblin!
The ball python barely misses you. The ball python grabs you.
The ball python constricts you.
You have reached level 2!
Your demonic ancestry asserts itself...
Sharp scales grow over part of your body.
You hit the ball python.
You kill the ball python!
No target in view!
You see here a +0 club.
Key pressed, stopping explore.
No target in view!
No target in view!
Found a short sword.
No target in view!
You now have 61 gold pieces (gained 12).
A dart slug and a rat come into view.
The dart slug launches a dart at you.
The slug dart hits you but does no damage.
Are you sure you want to abandon this character and quit the game? (Confirm with "yes".)

# ## #. # .. .. #.# #
###.### #.####.# #
#....?.##.#....#### ##
#..........#......#####.
#...... #.###..##†......
#......#.#)..#..).......
#..r...@##...##.#.......
#w.....#.#...#.##.#####.
#......##.###.....# ##.
####### ##.#.###### #..
#.. ##. #.## ######. #.#
#...... #. ##....# #
##....


You could see a dart slug and a rat.

Vanquished Creatures
  A ball python (D:1)
  An endoplasm (D:1)
  A giant cockroach (D:1)
  A goblin (D:1)
  A hobgoblin (D:1)
  2 kobolds (D:1)
7 creatures vanquished.

Notes
Turn   | Place    | Note
-------+----------+-------------------------------------------
     0 | D:1      | Dani the Demonspawn Fighter began the quest for the Orb.
     0 | D:1      | Reached XP level 1. HP: 18/18 MP: 1/1
    26 | D:1      | Reached skill level 2 in Axes
   164 | D:1      | Gained mutation: You are partially covered in razor-sharp
                  | scales. (AC +1, Slay +1) [demonic ancestry]
   164 | D:1      | Reached XP level 2. HP: 22/24 MP: 2/2
   183 | D:1      | Quit the game

Illustrated notes

Levels and vault maps discovered:
D:1:      lightli_arrival_farm, layout_loops_cross, nicolae_figureground_pulse

Skill      XL: |  1 |
---------------+----+-----
Axes           | 2 |  2.5
Fighting       | |  3.0
Armour         | |  2.6
Shields        | |  2.6

Action                     || total
---------------------------++-------
  Melee: War axe           ||    14
 Armour: Scale mail        ||    10
  Dodge: Dodged            ||     8
  Block: Buckler           ||     2

Levels and vault maps discovered:
D:1:      lightli_arrival_farm, layout_loops_cross, nicolae_figureground_pulse

Table legend: (Time is in decaauts)
 A = Elapsed time spent in this place.
 B = Non-inter-level travel time spent in this place.
 C = Inter-level travel time spent in this place.
 D = Time resting spent in this place.
 E = Time spent auto-exploring this place.
 F = Levels seen in this place.
 G = Mean time per level.
                   A        B        C        D        E       F      G
               +--------+--------+--------+--------+--------+-----+--------+
         Total |    192 |    192 |      0 |      0 |    154 |   1 |  192.0 |
       Dungeon |    192 |    192 |      0 |      0 |    154 |   1 |  192.0 |
               +--------+--------+--------+--------+--------+-----+--------+

Top non-repeatable levels by time:
     D:1: 192 daAuts

Table legend:
 A = Kills in this place as a percentage of kills in the entire game.
 B = Kills by you in this place as a percentage of kills by you in the entire game.
 C = Kills by friends in this place as a percentage of kills by friends in the entire game.
 D = Other kills in this place as a percentage of other kills in the entire game.
 E = Experience gained in this place as a percentage of experience gained in the entire game.
 F = Experience gained in this place divided by the number of levels of this place that you have seen.
                   A       B       C       D       E      F
               +-------+-------+-------+-------+-------+----------------------
         Total | 100.0 | 100.0 |   N/A |   N/A | 100.0 |  14.0
       Dungeon | 100.0 | 100.0 |   N/A |   N/A | 100.0 |  14.0
               +-------+-------+-------+-------+-------+----------------------
